 Dungeon Crawl Stone Soup version 0.28.0-43-g3370ac3207 (webtiles) character file.

Game seed: 11208622597456196341

25050 funkygono the Thaumaturge (level 13, -5/68 HPs)
             Began as a Gargoyle Fire Elementalist on Mar 8, 2022.
             Was a High Priest of Vehumet.
             Slain by Rupert
             ... wielding a +4 great mace of holy wrath
              (26 damage)
             ... on level 3 of the Lair of Beasts.
             The game lasted 00:37:30 (16900 turns).

funkygono the Thaumaturge (GrFE)                   Turns: 16900, Time: 00:37:31

Health: -5/68      AC: 22    Str: 14    XL:     13   Next: 17%
Magic:  1/29       EV: 12    Int: 19    God:    Vehumet [*****.]
Gold:   821        SH:  0    Dex: 10    Spells: 3/36 levels left

rFire   + . .      SeeInvis .   m - +5 whip (venom)
rCold   + + .      Faith    .   (no shield)
rNeg    + + .      Spirit   .   z - +2 robe {rC+}
rPois   ∞          Reflect  .   A - +0 helmet
rElec   +          Harm     .   r - scarf {rC+ rF+}
rCorr   .          Rampage  .   u - +1 pair of gloves
Will    .....                   L - +1 pair of boots
Stlth   ++........              b - amulet of regeneration
HPRegen 1.01/turn               g - +4 ring of protection
MPRegen 0.21/turn               I - ring of positive energy

@: no status effects
A: sickness immunity, AC +9, negative energy resistance 1, electricity
resistance, torment resistance 1, petrification resistance
a: Renounce Religion


You were on level 3 of the Lair of Beasts.
You worshipped Vehumet.
Vehumet was extremely pleased with you.
You visited 3 branches of the dungeon, and saw 14 of its levels.

You collected 821 gold pieces.

Inventory:

Hand Weapons
 m - a +5 whip of venom (weapon)
 J - a +3 mace of venom
Missiles
 e - 370 stones (quivered)
 w - 2 throwing nets
Armour
 r - a scarf of resistance (worn)
 u - a +1 pair of gloves (worn)
 z - a +2 robe of cold resistance (worn)
 A - a +0 helmet (worn)
 L - a +1 pair of boots (worn)
Jewellery
 b - an amulet of regeneration (around neck)
 g - a +4 ring of protection (left hand)
 s - the ring of Fedhas's Supremacy {rF++ Will+}
   (You found it on level 2 of the Lair of Beasts)

   [ring of willpower]

   rF:        It greatly protects you from fire.
   Will:      It increases your willpower.
 y - a ring of see invisible
 D - a ring of fire
 I - a ring of positive energy (right hand)
Wands
 a - a wand of iceblast (11)
 d - a wand of acid (14)
 t - a wand of digging (8)
 v - a wand of mindburst (10)
 F - a wand of flame (16)
 K - a wand of paralysis (4)
Scrolls
 f - 3 scrolls of fear
 p - 7 scrolls of teleportation
 C - a scroll of summoning
Potions
 c - 3 potions of ambrosia
 h - 6 potions of curing
 i - a potion of might
 j - 3 potions of haste
 l - a potion of attraction
 n - a potion of flight
 o - 3 potions of lignification
 B - 4 potions of mutation
 G - a potion of invisibility


   Skills:
 + Level 3.3 Fighting
 + Level 4.7 Maces & Flails
 + Level 3.7 Dodging
 - Level 2.1 Stealth
 + Level 12.2 Spellcasting
 + Level 10.6 Conjurations
 + Level 11.0 Fire Magic
 + Level 3.4 Air Magic
 + Level 7.6 Earth Magic


You had 3 spell levels left.
You knew the following spells:

 Your Spells              Type           Power      Damage    Failure   Level
a - Foxfire               Conj/Fire      100%       2x1d9     1%          1
b - Scorch                Fire           100%       2d10      1%          2
c - Conjure Flame         Conj/Fire      51%        6-21      1%          3
d - Flame Wave            Conj/Fire      51%        2d10      1%          4
e - Stone Arrow           Conj/Erth      92%        3d12      1%          3
f - Ignite Poison         Fire/Tmut/Pois 25%        N/A       1%          3
g - Airstrike             Air            12%        N/A       4%          4
h - Blink                 Tloc           22%        N/A       9%          2
i - Lee's Rapid Deconstr  Erth           20%        3d13*     1%          5
j - Iron Shot             Conj/Erth      23%        9d5       6%          6

Your spell library contained the following spells:

 Spells                   Type           Power      Damage    Failure   Level
 Magic Dart               Conj           100%       1d8       1%          1
 Sandblast                Erth           80%        2d17      1%          1
 Passwall                 Tmut/Erth      21%        N/A       1%          2
 Dazzling Flash           Conj/Hex       62%        N/A       1%          3
 Inner Flame              Hex/Fire       32%        N/A       1%          3
 Mephitic Cloud           Conj/Pois/Air  29%        N/A       1%          3
 Apportation              Tloc           22%        N/A       6%          1
 Pain                     Necr           44%        1d6       6%          1
 Call Imp                 Summ           11%        N/A       9%          2
 Lesser Beckoning         Tloc           11%        N/A       19%         3
 Iskenderun's Mystic Bla  Conj/Tloc      31%        2d8       1%          4
 Starburst                Conj/Fire      25%        6d8       3%          6
 Alistair's Intoxication  Tmut/Pois      7%         N/A       85%         5
 Agony                    Necr           11%        N/A       86%         5
 Excruciating Wounds      Necr           5%         N/A       86%         5
 Manifold Assault         Tloc           11%        N/A       86%         5
 Summon Cactus Giant      Summ           5%         N/A       100%        6


Dungeon Overview and Level Annotations

Branches:
Dungeon (10/15)            Temple (1/1) D:4            Lair (3/6) D:10
    Orc (0/2) D:9
  Swamp: Lair:2-4    Shoals: Lair:2-4     Snake: Lair:2-4    Spider: Lair:2-4

Altars:
Ashenzari
Cheibriados
Dithmenos
Elyvilon
Fedhas
Gozag
Hepliaklqana
Kikubaaqudgha
Makhleb
Nemelex Xobeh
Okawaru
Qazlal
Ru
Sif Muna
Trog
Uskayaw
Vehumet
Wu Jian
Xom
Yredelemnul
Zin
The Shining One

Portals:
Trove: D:10 (give 11 potions of heal wounds)

Annotations:
Lair:3 Rupert


Innate Abilities, Weirdness & Mutations

You are immune to sickness and miasma.
Your stone body is resilient. (AC +9)
You are immune to poison.
You resist negative energy. (rN+)
You are resistant to electric shocks. (rElec)
You are resistant to unholy torment.
You are immune to petrification.


Message History

Rupert hits you with a +4 great mace of holy wrath!
Rupert barely misses you.
Casting: Stone Arrow (safe; 1% risk of failure)
Confirm with . or Enter, or press ? or * to list all spells.
Aiming: Stone Arrow (safe; 1% risk of failure)
Press: ? - help, Shift-Dir - straight line, f/p - Rupert
Aim: Rupert, wielding a +4 great mace of holy wrath and wearing a +0 ring mail (heavily wounded, berserk, 79% to hit)
The stone arrow hits Rupert!
Rupert is heavily wounded.
Rupert closely misses you.
Casting: Stone Arrow (safe; 1% risk of failure)
Confirm with . or Enter, or press ? or * to list all spells.
Aiming: Stone Arrow (safe; 1% risk of failure)
Press: ? - help, Shift-Dir - straight line, f/p - Rupert
Aim: Rupert, wielding a +4 great mace of holy wrath and wearing a +0 ring mail (heavily wounded, berserk, 79% to hit)
The stone arrow hits Rupert!!
Rupert is severely wounded.
Rupert completely misses you.
Rupert hits you with a +4 great mace of holy wrath.
Casting: Stone Arrow (safe; 1% risk of failure)
Confirm with . or Enter, or press ? or * to list all spells.
Aiming: Stone Arrow (safe; 1% risk of failure)
Press: ? - help, Shift-Dir - straight line, f/p - Rupert
Aim: Rupert, wielding a +4 great mace of holy wrath and wearing a +0 ring mail (severely wounded, berserk, 79% to hit)
The stone arrow hits Rupert!
Rupert is severely wounded.
Rupert hits you with a +4 great mace of holy wrath!
* * * LOW HITPOINT WARNING * * *
You feel much better. Rupert misses you.
Rupert hits you with a +4 great mace of holy wrath!!
* * * LOW HITPOINT WARNING * * *
Casting: Stone Arrow (safe; 1% risk of failure)
Confirm with . or Enter, or press ? or * to list all spells.
Aiming: Stone Arrow (safe; 1% risk of failure)
Press: ? - help, Shift-Dir - straight line, f/p - Rupert
Aim: Rupert, wielding a +4 great mace of holy wrath and wearing a +0 ring mail (severely wounded, berserk, 79% to hit)
The stone arrow hits Rupert.
Rupert is severely wounded.
Rupert hits you with a +4 great mace of holy wrath!!
You die...

............ ..
#.(.........
..#####...........
#...#...........
#...#.........#
#............# .
#.......@.#....
##...#..@.....#
#.#....###..#...
#....#.# #../
##..#### ... ###
#####..## .
#...#...#..#
.........###
.........#
......†<##


You could see Rupert (berserk).

Vanquished Creatures
  Erica (D:7)
  2 hydras (Lair:1)
  A two-headed ogre (D:10)
  Pikel (D:9)
  An ugly thing (D:7)
  Joseph (D:8)
  8 cane toads
  2 gargoyles
  2 komodo dragons
  2 trolls
  Prince Ribbit (D:6)
  4 slime creatures (D:10)
  8 blink frogs (Lair:2)
  Grinder (D:5)
  48 yaks
  4 wyverns
  A vampire (D:7)
  Grum (D:10)
  A steam dragon (D:7)
  A warg (D:9)
  An acid dragon (D:9)
  6 water moccasins
  3 sky beasts
  2 ice beasts
  3 black bears
  6 orc warriors
  An ogre (D:5)
  3 wolves (D:10)
  2 centaurs (D:9)
  2 lemures (D:9)
  2 phantoms
  3 kobold brigands
  5 bullfrogs
  3 gnoll sergeants
  A wyvern zombie (D:8)
  3 scorpions
  2 water moccasin zombies
  A vampire bat (D:4)
  4 killer bees (D:7)
  5 howler monkeys
  16 wights
  4 centaur zombies
  2 bullfrog zombies
  3 jellies
  4 hounds
  15 orc priests
  A bullfrog skeleton (D:6)
  A centaur skeleton (D:7)
  2 gnoll shamans
  3 iguanas
  Ijyb (D:5)
  Terence (D:3)
  Natasha (thrice) (D:3)
  13 orc wizards
  A killer bee zombie (D:7)
  A hound skeleton (D:4)
  16 gnolls
  13 adders
  A howler monkey zombie (D:7)
  2 white imps
  2 ufetubi (D:7)
  3 worms
  5 dart slugs
  49 orcs
  11 ball pythons
  16 bats
  7 endoplasms
  3 giant cockroaches
  10 hobgoblins
  2 jackals (D:2)
  22 kobolds
  A quokka (D:3)
  A frilled lizard (D:1)
  7 goblins
  4 rats
395 creatures vanquished.

Vanquished Creatures (collateral kills)
  5 foxfires
5 creatures vanquished.

Vanquished Creatures (others)
  An orc wizard (D:7)
  4 bushes
  1190 foxfires
  24 fungi
  31 plants
1250 creatures vanquished.

Grand Total: 1650 creatures vanquished

Notes
Turn   | Place    | Note
-------+----------+-------------------------------------------
     0 | D:1      | funkygono the Gargoyle Fire Elementalist began the quest
                  | for the Orb.
     0 | D:1      | Reached XP level 1. HP: 10/10 MP: 3/3
   226 | D:1      | Reached XP level 2. HP: 16/16 MP: 3/5
   286 | D:1      | Learned a level 2 spell: Scorch
   614 | D:1      | Reached XP level 3. HP: 20/20 MP: 2/6
   621 | D:1      | Learned a level 3 spell: Conjure Flame
  1525 | D:2      | Reached XP level 4. HP: 24/24 MP: 5/8
  1934 | D:2      | Reached skill level 3 in Spellcasting
  2512 | D:3      | Noticed Terence
  2518 | D:3      | Killed Terence
  2519 | D:3      | Reached XP level 5. HP: 28/28 MP: 1/10
  2683 | D:3      | HP: 1/28 [orc priest/divine providence (15)]
  2994 | D:3      | Reached XP level 6. HP: 33/33 MP: 4/11
  3213 | D:3      | Noticed Natasha
  3217 | D:3      | Reached skill level 5 in Fire Magic
  3220 | D:3      | Killed Natasha
  3221 | D:3      | Reached skill level 4 in Spellcasting
  3322 | D:3      | Found a faded altar of an unknown god.
  3483 | D:3      | Noticed Natasha
  3489 | D:3      | Killed Natasha
  3510 | D:3      | Noticed Natasha
  3515 | D:3      | Killed Natasha
  3610 | D:3      | Learned a level 4 spell: Flame Wave
  3626 | D:3      | Reached XP level 7. HP: 29/37 MP: 4/13
  4411 | D:4      | Found a staircase to the Ecumenical Temple.
  4421 | Temple   | Entered the Ecumenical Temple
  4466 | Temple   | Became a worshipper of Vehumet
  5103 | D:5      | Entered Level 5 of the Dungeon
  5127 | D:5      | Reached skill level 5 in Spellcasting
  5313 | D:5      | Reached XP level 8. HP: 42/42 MP: 7/15
  5393 | D:5      | Noticed a yak
  5394 | D:5      | Noticed a yak
  5398 | D:5      | Noticed Grinder
  5461 | D:4      | Killed a yak
  5771 | D:5      | Noticed a yak
  5771 | D:5      | Noticed a yak
  5771 | D:5      | Noticed a yak
  5815 | D:4      | Killed a yak
  5816 | D:4      | Reached skill level 6 in Spellcasting
  5929 | D:5      | Killed a yak
  5936 | D:5      | Killed a yak
  5940 | D:5      | Killed a yak
  5940 | D:5      | Reached * piety under Vehumet
  5940 | D:5      | Offered knowledge of Freeze by Vehumet.
  5941 | D:5      | Reached skill level 1 in Fighting
  5941 | D:5      | Reached skill level 5 in Conjurations
  5941 | D:5      | Reached XP level 9. HP: 28/47 MP: 0/19
  6079 | D:5      | Noticed Ijyb
  6093 | D:5      | Killed Grinder
  6094 | D:5      | Reached skill level 7 in Spellcasting
  6097 | D:5      | Killed Ijyb
  6801 | D:5      | Learned a level 3 spell: Stone Arrow
  6908 | D:6      | You fall into a shaft and drop 2 floors!
  6908 | D:8      | Found a blossoming altar of Fedhas.
  6944 | D:8      | Noticed Joseph
  6951 | D:8      | Killed Joseph
  6952 | D:8      | Reached skill level 1 in Earth Magic
  7123 | D:7      | Reached ** piety under Vehumet
  7125 | D:7      | Offered knowledge of Magic Dart by Vehumet.
  7126 | D:7      | Reached skill level 8 in Spellcasting
  7128 | D:7      | Reached XP level 10. HP: 38/52 MP: 4/22
  7168 | D:7      | Reached skill level 1 in Maces & Flails
  7423 | D:7      | Noticed a gargoyle
  7432 | D:7      | Killed a gargoyle
  7837 | D:6      | Offered knowledge of Ignite Poison by Vehumet.
  7879 | D:6      | Noticed Prince Ribbit
  7885 | D:6      | Killed Prince Ribbit
  8258 | D:6      | Learned a level 3 spell: Ignite Poison
  8507 | D:7      | Noticed a green ugly thing
  8516 | D:7      | Killed a green ugly thing
  8517 | D:7      | Reached skill level 9 in Spellcasting
  8868 | D:7      | Reached *** piety under Vehumet
  9289 | D:7      | Offered knowledge of Airstrike by Vehumet.
  9845 | D:7      | Learned a level 4 spell: Airstrike
  9848 | D:7      | Learned a level 2 spell: Blink
  9861 | D:8      | Noticed Erica
  9976 | D:7      | Killed Erica
  9977 | D:7      | Reached skill level 5 in Earth Magic
  9977 | D:7      | Reached XP level 11. HP: 43/57 MP: 18/24
 10030 | D:8      | Found a glowing silver altar of Zin.
 10235 | D:8      | Reached **** piety under Vehumet
 10239 | D:8      | Offered knowledge of Lee's Rapid Deconstruction by Vehumet.
 10275 | D:8      | Reached skill level 10 in Fire Magic
 10806 | D:8      | Reached skill level 10 in Spellcasting
 10879 | D:8      | Found a basalt altar of Yredelemnul.
 10890 | D:8      | Learned a level 5 spell: Lee's Rapid Deconstruction
 10990 | D:9      | Noticed Pikel
 11001 | D:9      | Killed Pikel
 11304 | D:9      | Reached skill level 1 in Air Magic
 11670 | D:9      | Found a staircase to the Orcish Mines.
 12470 | D:10     | Entered Level 10 of the Dungeon
 12512 | D:10     | Noticed Grum
 12517 | D:10     | Killed Grum
 12540 | D:10     | Reached ***** piety under Vehumet
 12768 | D:10     | Offered knowledge of Iron Shot by Vehumet.
 12829 | D:10     | Reached XP level 12. HP: 64/64 MP: 26/26
 13143 | D:10     | Noticed a two-headed ogre
 13157 | D:10     | Killed a two-headed ogre
 13775 | D:10     | Found a staircase to the Lair.
 14069 | D:10     | Found a broken altar of Ashenzari.
 14246 | D:10     | Found a portal to a secret trove of treasure.
 14413 | Lair:1   | Entered Level 1 of the Lair of Beasts
 14480 | Lair:1   | Noticed a four-headed hydra
 14487 | Lair:1   | Killed a four-headed hydra
 14488 | Lair:1   | Reached skill level 11 in Spellcasting
 14662 | Lair:1   | Identified the +0 chain mail "Vavaashro" {rN++ Will+ rCorr}
 14963 | Lair:1   | Noticed a six-headed hydra
 14972 | Lair:1   | Killed a six-headed hydra
 15329 | Lair:1   | Learned a level 6 spell: Iron Shot
 15637 | Lair:2   | Identified the ring of Fedhas's Supremacy {rF++ Will+}
 15713 | Lair:2   | Reached skill level 10 in Conjurations
 16342 | Lair:2   | Reached XP level 13. HP: 68/68 MP: 18/28
 16366 | Lair:2   | Reached skill level 12 in Spellcasting
 16887 | Lair:3   | Noticed Rupert
 16900 | Lair:3   | Slain by Rupert

Illustrated notes

Levels and vault maps discovered:
D:1:      giann_wishing_wells, layout_basic, minmay_pentomino_z4
D:2:      layout_basic, hangedman_decor_slide_cut
D:3:      layout_rooms, hellmonk_ecumenical_altar_zigzags, st_stairs_11,
          uniq_terence, uniq_natasha
D:4:      layout_loops_corners, temple_hall, roderic_batcave
D:5:      cheibrodos_helix_gallery, layout_basic, minivault_27,
          hangedman_decor_push, uniq_ijyb, uniq_grinder
D:6:      layout_cave_pools, nicolae_elevator_lobby_plus, uniq_prince_ribbit1
D:7:      cheibrodos_fzero, layout_loops_ring, minmay_fractal_squares_5
D:8:      layout_basic, fedhas_ov_isle_minmay, zin_academy,
          mainiacjoe_overflow_chevrons, enter_bailey_4, minmay_circle_x,
          uniq_joseph, uniq_erica
D:9:      layout_basic, erik_orc_4, uniq_pikel
D:10:     layout_loops_ring, marbit_many_paths, grunt_lair_entry_orc_guard_hut,
          nicolae_trove_entry_diagonal, evilmike_minifort, uniq_grum
Temple:   mainiacjoe_temple_coin_purse
Lair:1:   layout_chaotic_city
Lair:2:   layout_regular_city
Lair:3:   layout_cave_pods, chequers_serial_rivers_small_3, uniq_rupert

Skill      XL: |  1  2  3  4  5  6  7  8  9 10 11 12 13 |
---------------+----------------------------------------+-----
Spellcasting   | 3 4 5 6 8 9 10 11 12 | 12.2
Conjurations   | 2 3 5 6 7 9 10 | 10.6
Fire Magic     | 4 5 6 7 9 10 11 | 11.0
Fighting       | 1 2 3 |  3.3
Dodging        | 2 3 |  3.7
Earth Magic    | 2 5 7 |  7.6
Maces & Flails | 2 4 |  4.7
Air Magic      | 2 3 |  3.4
Stealth        | |  2.1

Action                   |  1- 3 |  4- 6 |  7- 9 | 10-12 | 13-15 || total
-------------------------+-------+-------+-------+-------+-------++-------
Melee: Unarmed           |     3 |       |       |       |       ||     3
       Club              |     6 |     4 |       |       |       ||    10
       Whip              |       |     7 |     4 |   235 |     7 ||   253
       Punch             |       |       |       |     3 |       ||     3
 Cast: Foxfire           |    47 |   117 |   188 |   344 |    16 ||   712
       Scorch            |     2 |    10 |    27 |    23 |     1 ||    63
       Stone Arrow       |       |       |     4 |   227 |    20 ||   251
       Flame Wave        |       |       |     3 |     5 |     2 ||    10
       Conjure Flame     |       |       |       |     5 |       ||     5
       Ignite Poison     |       |       |       |     2 |       ||     2
  Use: Scroll            |       |     5 |     7 |     7 |     4 ||    23
       Potion            |       |       |       |     1 |     1 ||     2
Armor: Robe              |     4 |    13 |    28 |   135 |    13 ||   193
Dodge: Dodged            |     5 |    15 |    31 |   214 |    14 ||   279
